 Dungeon Crawl Stone Soup version 0.22-a0-197-g4ac3794 (webtiles) character file.

132114 kuniqs the Warrior (level 16, -5/151 HPs)
             Began as a Minotaur Fighter on Feb 17, 2018.
             Was a High Priest of Makhleb.
             Killed from afar by a fire dragon (17 damage)
             ... with a blast of flame
             ... on level 4 of the Swamp.
             The game lasted 00:53:07 (27407 turns).

kuniqs the Warrior (Minotaur Fighter)              Turns: 27407, Time: 00:53:07

Health: -5/151     AC: 41    Str: 22    XL:     16   Next: 56%
Magic:  19/19      EV: 14    Int:  5    God:    Makhleb [*****.]
Gold:   648        SH: 14    Dex: 16    Spells: 15/15 levels left

rFire    + . .     SeeInvis .   S - +1 war axe (freeze)
rCold    . . .     Gourm    .   W - +0 shield {reflect}
rNeg     . . .     Faith    .   V - +5 crystal plate armour
rPois    .         Spirit   .   v - +2 hat
rElec    .         Reflect  +   x - +2 cloak
rCorr    .         Harm     .   o - +2 pair of gloves
MR       +....                  C - +2 pair of boots {run}
Stlth    ..........             F - amulet of the acrobat
HPRegen  0.35/turn              X - +2 ring of evasion
MPRegen  0.16/turn              N - ring of protection from fire

@: lethally poisoned (-5 -> -9), slowed, drained, very slow
A: retaliatory headbutt, horns 2
a: Minor Destruction, Lesser Servant of Makhleb, Major Destruction, Greater
Servant of Makhleb, Renounce Religion


You were on level 4 of the Swamp.
You worshipped Makhleb.
Makhleb was extremely pleased with you.
You were not hungry.

You visited 5 branches of the dungeon, and saw 28 of its levels.
You visited 1 bazaar.
You also visited: Ice Cave.

You collected 2554 gold pieces.
You spent 1906 gold pieces at shops.

Inventory:

Hand Weapons
 S - a +1 war axe of freezing (weapon)
 T - a +4 scimitar of flaming
Missiles
 I - 3 throwing nets (quivered)
Armour
 o - a +2 pair of gloves (worn)
 v - a +2 hat (worn)
 x - a +2 cloak (worn)
 C - a +2 pair of boots of running (worn)
 V - a +5 crystal plate armour (worn)
 W - a +0 shield of reflection (worn)
Jewellery
 F - an amulet of the acrobat (around neck)
 N - a ring of protection from fire (right hand)
 O - an uncursed ring of protection from cold
 X - a +2 ring of evasion (left hand)
Wands
 k - a wand of digging (31)
 m - a wand of random effects (19)
 p - a wand of acid (3)
 E - a wand of iceblast (2)
 K - a wand of flame (120)
 P - a wand of disintegration (26)
 Q - a wand of polymorph (50)
Scrolls
 b - a scroll of blinking
 e - a scroll of teleportation
 g - a scroll of identify {@r1}
 n - 3 scrolls of fog
 t - a scroll of holy word {unknown}
 u - 2 scrolls of fear
 y - a scroll of torment {unknown}
 A - 7 scrolls of remove curse {@r2}
 B - 7 scrolls of enchant weapon
 D - 3 scrolls of immolation
 H - a scroll of enchant armour
 L - 2 scrolls of summoning {unknown}
 R - a scroll of magic mapping
 U - a scroll of acquirement {unknown}
 Y - a scroll of vulnerability {unknown}
Potions
 c - a potion of cancellation {unknown}
 d - 2 potions of might
 h - a potion of agility
 i - 2 potions of invisibility
 j - 3 potions of curing {@q1}
 l - 6 potions of lignification
 q - 4 potions of haste
 r - 4 potions of heal wounds
 s - 2 potions of ambrosia
 w - 3 potions of berserk rage
 z - 4 potions of flight
 G - a potion of resistance {unknown}
 J - 3 potions of mutation {unknown}
Comestibles
 a - 5 chunks of flesh
 f - 51 rations


   Skills:
 + Level 15.8(15.4) Fighting
 + Level 15.5(15.1) Axes
 + Level 15.7(15.3) Armour
 + Level 14.2(13.9) Dodging
 + Level 15.7(15.4) Shields
 - Level 6.0(5.7) Invocations


You had 15 spell levels left.
You didn't know any spells.

Dungeon Overview and Level Annotations

Branches:
Dungeon (15/15)            Temple (1/1) D:7            Lair (6/6) D:11
  Swamp (4/4) Lair:2       Spider (0/4) Lair:4        Slime (0/5) Lair:5
    Orc (2/2) D:10            Elf (0/3) Orc:2        Vaults (0/5) D:13
 Depths (0/5) D:15

Altars:
Cheibriados
Fedhas
Gozag
Hepliaklqana
Kikubaaqudgha
Makhleb
Nemelex Xobeh
Okawaru
Qazlal
Ru
Sif Muna
Trog
Uskayaw
Zin
Beogh
Jiyva

Shops:
D:4 (   D:5 %   D:12 :   D:14 [   Orc:2 [[}[

Annotations:
D:14 exclusion: orange crystal statue
Swamp:1 exclusion: Roxanne, Roxanne


Innate Abilities, Weirdness & Mutations

You reflexively headbutt those who attack you in melee.
You have a pair of horns on your head.


Message History

The hornet appears confused.
You block the tyrant leech's attack.
The tyrant leech is engulfed in spectral mist.
The swamp drake breathes noxious fumes at you.
The noxious blast misses you.
The spriggan druid is engulfed in noxious fumes.
The spriggan druid appears confused.
You block the spriggan druid's attack.
The hornet is engulfed in noxious fumes.
The hornet appears confused.
There is a stone staircase leading up here.
You are engulfed in noxious fumes.
* * * LOW HITPOINT WARNING * * *
You feel sick.
The insubstantial wisp gives a chilling moan.
The tyrant leech is engulfed in noxious fumes.
You block the tyrant leech's attack.
The spriggan is engulfed in a cloud of scalding steam.
The swamp drake completely misses you. The fire dragon breathes flames at you.
The blast of flame hits you! You resist.
You die...

♣.≈..♣ ♣.≈.§♣♣ ♣.D≈.♣♣
♣k≈≈≈y♣♣♣ #♣≈§≈≈≈..♣♣
#♣..§≈≈D§§.♣♣♣♣♣
#♣..≈§kDD.y.§♣.≈ ...
#♣♣♣≈.≈§§iw§§♣...≈....§§
♣≈≈≈≈≈.≈§D@§♣♣♣..♣♣...≈≈
♣≈≈.≈≈♣≈.DDki♣♣≈...♣♣.≈≈≈.♣
≈(≈≈≈♣♣..≈i♣Dk.≈≈≈≈..♣.≈≈.♣
..≈.i..≈.y.DDvw†≈≈Z..≈..≈♣
.♣....≈♣.v≈Dytk≈≈≈....§≈♣
.≈
♣♣♣♣♣♣♣≈wkknk≈≈≈≈≈≈≈..♣♣♣≈≈
♣.≈v≈≈≈≈≈≈≈≈≈≈≈≈.....
♣v.i≈≈≈≈≈≈≈≈≈≈......≈
♣♣♣§DDnv§≈≈.....♣.≈.♣♣


You could see 3 fire dragons, a nine-headed hydra, a seven-headed hydra, a
six-headed hydra, 4 swamp dragons, 2 tyrant leeches, a ghost crab, 2 spriggan
druids, a bog body, a swamp worm, 2 hornets, 8 swamp drakes, a steam dragon, 2
vampire mosquitoes, 2 spriggans and 4 insubstantial wisps.

Vanquished Creatures
  Rupert (D:12)
  A thorn hunter (Swamp:2)
  Donald (Swamp:2)
  A frost giant (IceCv)
  An orc warlord (Orc:1)
  A dire elephant (D:15)
  Josephine (Lair:5)
  14 hydras
  4 ghost crabs
  A catoblepas (D:15)
  A merfolk avatar (Lair:6)
  3 ogre magi
  3 centaur warriors
  5 alligators
  A death knight (D:12)
  12 two-headed ogres
  A tengu warrior (D:15)
  Urug (D:13)
  10 death yaks
  Nergalle (Lair:3)
  4 unseen horrors
  2 skeletal warriors
  2 deep trolls (Orc:2)
  An unseen horror (shapeshifter) (D:11)
  2 swamp dragons
  A shambling mangrove (Swamp:2)
  3 orc knights
  8 ugly things
  A harpy (Lair:6)
  A wolf spider (D:15)
  A wolf spider zombie (D:15)
  An orc sorcerer (Orc:2)
  2 deep elf magi
  4 cyclopes
  5 manticores
  2 elephants (Lair:6)
  A centaur zombie (D:12)
  5 black mambas
  2 gargoyles
  A torpor snail (Lair:4)
  4 rime drakes
  2 kobold demonologists (Swamp:3)
  22 spiny frogs
  An efreet (D:10)
  2 freezing wraiths (D:12)
  6 yaktaurs
  8 komodo dragons
  A tengu conjurer (D:15)
  18 trolls
  A wind drake (Lair:6)
  4 tyrant leeches
  17 polar bears
  12 hornets
  8 hippogriffs
  13 slime creatures
  5 dream sheep (Lair:4)
  18 blink frogs
  8 bog bodies
  A centaur simulacrum (D:14)
  3 spriggans (Swamp:2)
  40 yaks
  A shadow (Swamp:1)
  2 vampires (D:11)
  7 wraiths
  A human (D:9)
  5 fire bats
  6 wyverns
  A hog (D:9)
  6 basilisks
  22 vampire mosquitoes
  A steam dragon (Lair:4)
  7 insubstantial wisps
  3 hungry ghosts
  3 wargs
  A soldier ant (D:14)
  12 swamp worms
  15 water moccasins
  3 porcupines
  15 orc warriors
  7 swamp drakes
  A hornet zombie (D:14)
  4 ice beasts
  2 phantoms
  5 sky beasts
  An eye of draining (D:10)
  4 black bears
  19 wolves
  17 crocodiles
  28 ogres
  17 centaurs
  A big kobold (D:9)
  14 bullfrogs
  A wyvern zombie (D:7)
  A gnoll sergeant (D:6)
  2 wyvern skeletons (D:13)
  3 scorpions
  9 wights
  A howler monkey (D:4)
  3 electric eels
  3 bullfrog zombies
  9 crimson imps
  6 hounds
  A gnoll shaman (D:6)
  2 jellies
  5 bullfrog skeletons
  2 centaur skeletons
  12 orc priests
  16 orc wizards
  Jessica (D:2)
  5 iguanas
  A killer bee zombie (D:7)
  7 worker ants
  A hound skeleton (D:11)
  A worker ant zombie (D:9)
  16 gnolls
  9 adders
  3 oozes
  A worm (shapeshifter) (D:13)
  4 worms
  3 dart slugs
  10 leopard geckos
  65 orcs
  5 bats
  2 giant cockroaches
  10 goblins
  9 hobgoblins
  2 jackals
  2 kobolds
  4 quokkas
  5 frilled lizards
  A leopard gecko zombie (D:7)
  A quokka skeleton (D:6)
  8 rats
  4 fungi
  3 plants
797 creatures vanquished.

Vanquished Creatures (collateral kills)
  Snorg (D:13)
  Fannar (D:10)
  An efreet (D:13)
3 creatures vanquished.

Vanquished Creatures (others)
  A spriggan (Swamp:4)
  A swamp dragon (Swamp:4)
  2 polar bears (IceCv)
  2 hornets (Swamp:4)
  An insubstantial wisp (Swamp:4)
  A swamp worm (Swamp:4)
  2 swamp drakes (Swamp:4)
  3 wolves (IceCv)
  An orc (Orc:2)
  A kobold (D:9)
  6 fungi
  11 plants
32 creatures vanquished.

Grand Total: 832 creatures vanquished

Notes
Turn   | Place    | Note
-------+----------+-------------------------------------------
     0 | D:1      | kuniqs the Minotaur Fighter began the quest for the Orb.
     0 | D:1      | Reached XP level 1. HP: 19/19 MP: 0/0
    59 | D:1      | Reached XP level 2. HP: 20/27 MP: 1/1
   378 | D:1      | Reached skill level 1 in Dodging
   837 | D:2      | Reached XP level 3. HP: 28/33 MP: 2/2
  1071 | D:2      | Found a sacrificial altar of Ru.
  1113 | D:2      | Reached XP level 4. HP: 40/40 MP: 3/3
  1613 | D:2      | Noticed Jessica
  1614 | D:2      | Killed Jessica
  1622 | D:2      | Reached XP level 5. HP: 37/47 MP: 4/4
  1623 | D:2      | Found a burning altar of Makhleb.
  1627 | D:2      | Became a worshipper of Makhleb the Destroyer
  2174 | D:3      | Found a deep blue altar of Sif Muna.
  2870 | D:4      | Reached skill level 1 in Invocations
  2870 | D:4      | Reached XP level 6. HP: 52/55 MP: 5/5
  2885 | D:4      | Got an iridescent scimitar
  2898 | D:4      | Identified the cursed +1 scimitar of Attainder {freeze, +Blink rC+ MR- Int+8} (You found it on level 4 of the Dungeon)
  2953 | D:4      | Got a translucent long sword
  2983 | D:4      | Identified the cursed +2 long sword of Neurosis {protect, Int+4} (You found it on level 4 of the Dungeon)
  3023 | D:4      | Found a snail-covered altar of Cheibriados.
  3156 | D:4      | Found an iron altar of Okawaru.
  3157 | D:4      | Found an opulent altar of Gozag.
  3157 | D:4      | Found a hide-covered altar of Uskayaw.
  3159 | D:4      | Found an ancient bone altar of Kikubaaqudgha.
  3196 | D:4      | Found Liwatearchu's Weapon Emporium.
  3253 | D:5      | Entered Level 5 of the Dungeon
  3382 | D:5      | Reached skill level 5 in Fighting
  3382 | D:5      | Reached skill level 5 in Armour
  3483 | D:5      | Reached skill level 5 in Shields
  3492 | D:5      | Noticed a sky beast
  3512 | D:5      | Killed a sky beast
  3568 | D:5      | Reached * piety under Makhleb
  3583 | D:5      | Found Zilaups's Food Shoppe.
  3709 | D:5      | Found a sparkling altar of Nemelex Xobeh.
  3782 | D:5      | Reached XP level 7. HP: 56/61 MP: 7/7
  4148 | D:6      | Found a stormy altar of Qazlal.
  4391 | D:6      | Reached skill level 5 in Axes
  4423 | D:6      | Found a stormy altar of Qazlal.
  4456 | D:6      | Found a hazy altar of Hepliaklqana.
  4468 | D:6      | Reached XP level 8. HP: 70/70 MP: 9/9
  6019 | D:7      | Found a staircase to the Ecumenical Temple.
  6044 | Temple   | Entered the Ecumenical Temple
  6161 | D:8      | Noticed a hippogriff
  6188 | D:7      | Killed a hippogriff
  6188 | D:7      | Reached ** piety under Makhleb
  6188 | D:7      | Reached skill level 5 in Dodging
  6364 | D:8      | Reached XP level 9. HP: 54/78 MP: 9/11
  6568 | D:8      | Noticed a troll
  6575 | D:8      | Killed a troll
  6940 | D:8      | Found a glowing silver altar of Zin.
  7453 | D:9      | Noticed a two-headed ogre
  7691 | D:9      | Noticed a two-headed ogre
  7702 | D:9      | Killed a two-headed ogre
  7702 | D:9      | Reached skill level 5 in Invocations
  7702 | D:9      | Reached XP level 10. HP: 38/88 MP: 12/12
  7929 | D:8      | Found a bloodstained altar of Trog.
  8066 | D:9      | Reached *** piety under Makhleb
  8498 | D:9      | Killed a two-headed ogre
  8587 | D:10     | Entered Level 10 of the Dungeon
  8596 | D:10     | Noticed Snorg
  8822 | D:10     | Got a fine ivory ring
  9041 | D:10     | Noticed Fannar
  9050 | D:10     | Killed Fannar
  9050 | D:10     | Reached XP level 11. HP: 70/97 MP: 2/14
  9122 | D:10     | Found a staircase to the Orcish Mines.
  9248 | D:11     | Found a staircase to the Lair.
  9499 | D:11     | Noticed an eight-headed hydra
  9532 | D:11     | Killed a two-headed hydra
 10137 | D:11     | Killed an unseen horror
 10159 | D:11     | Noticed a red ugly thing
 10173 | D:11     | Killed a red ugly thing
 10173 | D:11     | Reached skill level 10 in Fighting
 10173 | D:11     | Reached skill level 10 in Armour
 10178 | D:11     | Reached skill level 10 in Shields
 10434 | Lair:1   | Entered Level 1 of the Lair of Beasts
 10566 | Lair:1   | Reached **** piety under Makhleb
 10741 | Lair:1   | Reached skill level 10 in Axes
 11608 | Lair:2   | Reached XP level 12. HP: 97/108 MP: 15/15
 11801 | Lair:2   | Identified the ring of Life {+Blink Str+3 Int+6} (You found it on level 10 of the Dungeon)
 11857 | Lair:2   | Noticed a six-headed hydra
 11950 | Lair:2   | Found a staircase to the Swamp.
 12415 | Lair:2   | Killed a one-headed hydra
 12665 | Lair:3   | Noticed Nergalle
 12689 | Lair:3   | Killed Nergalle
 12689 | Lair:3   | Reached skill level 10 in Dodging
 12988 | Lair:3   | Reached ***** piety under Makhleb
 13566 | Lair:4   | Noticed a death yak
 13566 | Lair:4   | Noticed a death yak
 13566 | Lair:4   | Noticed a death yak
 13566 | Lair:4   | Noticed a death yak
 13566 | Lair:4   | Noticed a death yak
 13567 | Lair:4   | Noticed a death yak
 13585 | Lair:3   | Killed a death yak
 13886 | Lair:4   | Reached XP level 13. HP: 117/117 MP: 16/16
 14023 | Lair:4   | Found a hole to the Spider Nest.
 14991 | Lair:5   | Noticed Josephine
 15029 | Lair:5   | Killed Josephine
 15215 | Lair:5   | Found a viscous altar of Jiyva.
 15215 | Lair:5   | Found a staircase to the Slime Pits.
 15616 | Lair:6   | Entered Level 6 of the Lair of Beasts
 15768 | Lair:6   | Paralysed by a hornet for 1 turns
 15796 | Lair:6   | Paralysed by a hornet for 3 turns
 16548 | Lair:6   | Reached XP level 14. HP: 129/129 MP: 17/17
 17256 | Orc:1    | Entered Level 1 of the Orcish Mines
 17427 | Orc:1    | Noticed an orc warlord
 17436 | Orc:1    | Reached ****** piety under Makhleb
 17505 | Orc:1    | Found a roughly hewn altar of Beogh.
 17603 | Orc:1    | Killed an orc warlord
 17866 | Orc:2    | Entered Level 2 of the Orcish Mines
 17921 | Orc:2    | Found a frozen archway.
 18026 | IceCv    | Entered an ice cave
 18511 | IceCv    | Noticed a frost giant
 18540 | IceCv    | Killed a frost giant
 18704 | IceCv    | Identified the Reference Book on Ice
 18779 | Orc:2    | Paralysed by an orc sorcerer for 3 turns
 18930 | Orc:2    | Found a staircase to the Elven Halls.
 19218 | Orc:2    | Found Feojiysch's Armour Shoppe.
 19226 | Orc:2    | Found Renohocyg's Antique Armour Boutique.
 19231 | Orc:2    | Found Vyneiwk's Armour Emporium.
 19241 | Orc:2    | Found Xoqyz's Gadget Emporium.
 19329 | Orc:2    | Reached XP level 15. HP: 138/138 MP: 18/18
 19571 | Orc:2    | Bought a pair of runed boots for 232 gold pieces
 19571 | Orc:2    | Bought a steaming plate armour for 868 gold pieces
 19572 | Orc:2    | Identified the cursed +0 plate armour of a sewer {MR+ Str-3 SInv} (You bought it in a shop on level 2 of the Orcish Mines)
 19586 | Orc:2    | Identified a +2 pair of boots of running (You bought it in a shop on level 2 of the Orcish Mines)
 19591 | Orc:2    | Bought a +2 pair of gloves for 231 gold pieces
 19591 | Orc:2    | Bought a +1 cloak for 161 gold pieces
 19863 | D:12     | Found Ykeun's Book Shoppe.
 19895 | D:12     | Noticed Rupert
 19918 | D:12     | Killed Rupert
 20551 | D:13     | Noticed Urug
 20596 | D:13     | Killed Urug
 20848 | D:13     | Found a flickering gateway to a bazaar.
 20854 | Bazaar   | Entered a bazaar
 20872 | Bazaar   | Found Pear's Antique Weapon Emporium.
 20887 | Bazaar   | Found Car Goal's Magic Scroll Emporium.
 20887 | Bazaar   | Found Kufef's Book Shoppe.
 20908 | Bazaar   | Found Nokibe's Magic Scroll Emporium.
 20908 | Bazaar   | Found Satsify's Magic Scroll Shoppe.
 20929 | Bazaar   | Found Ijeafuoh's Jewellery Shoppe.
 20964 | Bazaar   | Bought a scroll of enchant weapon for 97 gold pieces
 20964 | Bazaar   | Bought a scroll of enchant armour for 97 gold pieces
 20984 | Bazaar   | Bought a scroll of enchant weapon for 97 gold pieces
 20984 | Bazaar   | Bought a scroll of enchant weapon for 97 gold pieces
 20984 | Bazaar   | Bought a scroll of identify for 26 gold pieces
 21165 | D:13     | Killed Snorg
 21266 | D:13     | Found a gate to the Vaults.
 21688 | D:14     | Found a blossoming altar of Fedhas.
 21797 | D:14     | Found Fautaf's Armour Emporium.
 22497 | D:15     | Entered Level 15 of the Dungeon
 22557 | D:15     | Found a staircase to the Depths.
 22829 | D:15     | Reached skill level 15 in Fighting
 22940 | D:15     | Reached skill level 15 in Shields
 22977 | D:15     | Reached skill level 15 in Armour
 23674 | Swamp:1  | Entered Level 1 of the Swamp
 24072 | Swamp:1  | Reached XP level 16. HP: 93/149 MP: 19/19
 24324 | Swamp:1  | Noticed Roxanne
 24856 | Swamp:2  | Noticed Donald
 24856 | Swamp:2  | Reached skill level 15 in Axes
 25295 | Swamp:2  | Noticed a thorn hunter
 25629 | Swamp:2  | Killed Donald
 25790 | Swamp:2  | Killed a thorn hunter
 27325 | Swamp:4  | Entered Level 4 of the Swamp
 27407 | Swamp:4  | Killed from afar by a fire dragon

Vault maps used:
D:1:      matt_arrival_refuge
D:2:      makhleb_heckhound_becter, nicolae_ru_sacrificial_ziggurat,
          uniq_jessica
D:3:      lemuel_blue_sif_altar, first_ration
D:4:      grunt_temple_overflow_open, serial_shops, nicolae_shop_behind_doors
D:5:      kennysheep_mini_moat, serial_shops, shop, abandoned_shop
D:6:      marbit_many_paths, nicolae_overflow_crystal_walls, basic_altar
D:7:      minmay_temple_entry_junction_2
D:8:      nicolae_overflow_hidden_temple, zin_statuary
D:9:      grunt_livestock
D:10:     orc_0_dummy, minmay_checkerbox, uniq_fannar, uniq_snorg
D:11:     minmay_cornered_nines, lair_entry_dummy
D:12:     serial_shops, shop, uniq_rupert
D:13:     hangedman_vaults_entry_quadrant_bands, serial_shops, bzr_entry_road,
          uniq_urug
D:14:     minmay_statue_hallways, serial_shops, nicolae_shop_waterfront,
          fedhas_altar_4
D:15:     hangedman_depths_entry_try_elsewhere_first, serial_co_window_serial,
          co_window_of_opportunity_a, co_window_corner_a,
          co_window_of_opportunity_a, co_window_corner_a, co_window_cross_1,
          co_window_corner_ca, co_window_corner_b, co_window_broadway_b,
          co_window_broadway_b, co_window_corner_cb, co_window_4corner_b,
          glass_columns_a, glass_columns_b, glass_columns_b, glass_columns_b
Temple:   nicolae_temple_figure_zero
Lair:2:   minmay_swamp_entry_reptiles
Lair:3:   minivault_26, grunt_megastairs_5, uniq_nergalle
Lair:4:   dummy_spider_entry, infiniplex_staircase_pool_2, lemuel_fruit_fields
Lair:5:   dpeg_slime_entry_enclosed_altar, serial_forest,
          infiniplex_forest_straight_4, infiniplex_forest_straight_4,
          infiniplex_forest_lined_room_, infiniplex_forest_lined_4_way,
          infiniplex_forest_lined_corner, uniq_josephine
Lair:6:   gammafunk_lair_ancient_temple
Swamp:1:  evilmike_swamp_ruin_wall, swamp_pool2, statue_in_the_mist_lemuel,
          hangedman_swamp_pad, hangedman_swamp_cone, uniq_roxanne
Swamp:2:  evilmike_swamp_ruin_house_1, uniq_donald
Swamp:3:  evilmike_swamp_ruin_house_3, cheibrodos_swamp_kobolds
Swamp:4:  swamp_fiery, swamp_pool1
Orc:1:    basic_altar
Orc:2:    st_orc_open, portal_ice_cave_entry_pillars_1
Bazaar:   bazaar_long_row
IceCv:    ice_cave_caverns_03

Skill      XL: |  1  2  3  4  5  6  7  8  9 10 11 12 13 14 15 16 |
---------------+-------------------------------------------------+-----
Dodging        | 1 2 3 4 5 6 7 9 10 11 12 13 14 | 14.2
Fighting       | 4 5 6 8 9 10 11 13 14 15 | 15.8
Axes           | 3 4 5 6 7 8 10 11 12 13 14 15 | 15.5
Armour         | 4 5 6 8 9 10 11 13 14 15 | 15.7
Shields        | 4 5 6 8 9 10 11 13 14 15 | 15.7
Invocations    | 1 2 4 5 6 |  6.0

Action                   |  1- 3 |  4- 6 |  7- 9 | 10-12 | 13-15 | 16-18 || total
-------------------------+-------+-------+-------+-------+-------+-------++-------
Melee: War axe           |    68 |   166 |   283 |   698 |  1699 |   372 ||  3286
       Headbutt          |     6 |    23 |    71 |   186 |   489 |   119 ||   894
       Scimitar          |       |       |       |    19 |    16 |    48 ||    83
Throw: Tomahawk          |       |       |     9 |       |       |       ||     9
Invok: Lesser Servant of |       |       |       |     2 |     1 |     7 ||    10
Evoke: Wand              |       |       |     8 |     3 |    14 |     3 ||    28
  Use: Scroll            |       |     7 |     5 |     4 |    14 |    13 ||    43
       Potion            |       |     1 |     1 |     4 |    10 |     3 ||    19
 Stab: Distracted        |       |       |       |     1 |       |       ||     1
       Confused          |       |       |       |       |     2 |       ||     2
       Petrifying        |       |       |       |       |     1 |       ||     1
  Eat: Chunk             |     1 |     8 |    15 |    22 |    31 |     7 ||    84
       Ration            |       |       |       |     1 |     1 |     1 ||     3
Armor: Scale mail        |    20 |    46 |       |       |       |       ||    66
       Ring mail         |       |    10 |    93 |    31 |       |       ||   134
       Plate armour      |       |       |       |   321 |   642 |    51 ||  1014
       Skin              |       |       |       |       |   136 |       ||   136
       Crystal plate arm |       |       |       |       |       |   227 ||   227
Dodge: Dodged            |    25 |    53 |   124 |   315 |   832 |   313 ||  1662
Block: Shield            |    37 |    71 |   171 |   443 |  1172 |   340 ||  2234
       Reflection        |       |       |       |       |       |     4 ||     4
       Rpst.: Scimitar   |       |       |       |     2 |     3 |     3 ||     8

Table legend:
 A = Spawn XP
 B = Non-spawn XP
 C = Spawn XP percentage of total XP
 D = Spawn monster count
 E = Non-spawn monster count
 F = Spawn count percentage of total count
 G = Total turns spent on level
                    A         B        C        D         E        F      G
               +---------+---------+-------+---------+---------+-------+---------
         Total |       0 |  188735 |   0.0 |       0 |     796 |   0.0 | 27407
               +---------+---------+-------+---------+---------+-------+---------
           D:1 |       0 |      34 |   0.0 |       0 |      14 |   0.0 |   826
           D:2 |       0 |     174 |   0.0 |       0 |      25 |   0.0 |   853
           D:3 |       0 |      98 |   0.0 |       0 |      24 |   0.0 |  1113
           D:4 |       0 |     151 |   0.0 |       0 |       8 |   0.0 |   661
           D:5 |       0 |     518 |   0.0 |       0 |       9 |   0.0 |   927
           D:6 |       0 |     934 |   0.0 |       0 |      29 |   0.0 |  1341
           D:7 |       0 |     752 |   0.0 |       0 |      14 |   0.0 |   617
           D:8 |       0 |    1735 |   0.0 |       0 |      28 |   0.0 |  1222
           D:9 |       0 |    4313 |   0.0 |       0 |      26 |   0.0 |  1053
          D:10 |       0 |    2580 |   0.0 |       0 |      24 |   0.0 |   628
          D:11 |       0 |    5222 |   0.0 |       0 |      17 |   0.0 |  1346
          D:12 |       0 |   12141 |   0.0 |       0 |      38 |   0.0 |   862
          D:13 |       0 |   12782 |   0.0 |       0 |      51 |   0.0 |   896
          D:14 |       0 |    3388 |   0.0 |       0 |      12 |   0.0 |   896
          D:15 |       0 |   13760 |   0.0 |       0 |      31 |   0.0 |  1065
        Lair:1 |       0 |    4848 |   0.0 |       0 |      24 |   0.0 |  1222
        Lair:2 |       0 |    8221 |   0.0 |       0 |      39 |   0.0 |  1069
        Lair:3 |       0 |    5088 |   0.0 |       0 |      15 |   0.0 |   997
        Lair:4 |       0 |   11615 |   0.0 |       0 |      31 |   0.0 |  1242
        Lair:5 |       0 |    6906 |   0.0 |       0 |      22 |   0.0 |   834
        Lair:6 |       0 |   13551 |   0.0 |       0 |      40 |   0.0 |  1438
       Swamp:1 |       0 |   11434 |   0.0 |       0 |      33 |   0.0 |  1527
       Swamp:2 |       0 |   20701 |   0.0 |       0 |      48 |   0.0 |  1312
       Swamp:3 |       0 |    8059 |   0.0 |       0 |      22 |   0.0 |   812
       Swamp:4 |       0 |    2213 |   0.0 |       0 |       5 |   0.0 |    82
         Orc:1 |       0 |    6709 |   0.0 |       0 |      46 |   0.0 |   657
         Orc:2 |       0 |   18255 |   0.0 |       0 |      78 |   0.0 |  1031
         IceCv |       0 |   12553 |   0.0 |       0 |      43 |   0.0 |   705
               +---------+---------+-------+---------+---------+-------+---------
